 Dungeon Crawl Stone Soup version 0.20.1-1-g8b1a95d (webtiles) character file.

35826 Internecine the Thaumaturge (level 13, 0/157 HPs)
             Began as a Green Draconian Air Elementalist on Oct 5, 2017.
             Was a High Priest of Okawaru.
             Slain by a tarantella (3 damage)
             ... on level 2 of the Lair of Beasts.
             The game lasted 03:52:35 (19577 turns).

Internecine the Thaumaturge (DrAE)                 Turns: 19577, Time: 03:52:35

Health: 0/157      AC: 29    Str: 11    XL:     13   Next: 49%
Magic:  2/35       EV:  2    Int: 17    God:    Okawaru [*****.]
Gold:   1042       SH:  7    Dex: 15    Spells: 9/31 levels left

rFire    . . .     SeeInvis .   C - +6 dagger of the Past {drain, *Drain +Blink rPois}
rCold    . . .     Gourm    .   H - +0 buckler
rNeg     + + +     Faith    .   (armour unavailable)
rPois    +         Spirit   .   (helmet currently unavailable)
rElec    .         Reflect  .   (cloak currently unavailable)
rCorr    .         Harm     .   (gloves currently unavailable)
MR       .....     NoTele   +   (boots currently unavailable)
Stlth    ++++......             (no amulet)
Regen    1.4/turn               J - ring of magical power
MPRegen  0.3/turn               x - +3 ring of protection

@: tree-form, heroism, finesse, very slightly contaminated, regenerating
A: (breathe noxious fumes), unfitting armour, wild magic 1, AC +8
a: Heroism, Finesse, Renounce Religion, Evoke Blink


You were on level 2 of the Lair of Beasts.
You worshipped Okawaru.
Okawaru was extremely pleased with you.
You were not hungry.
You were a tree.
You visited 4 branches of the dungeon, and saw 19 of its levels.
You visited the Abyss 1 time.

You collected 1042 gold pieces.

Inventory:

Hand Weapons
 C - the +6 dagger of the Past (weapon) {drain, *Drain +Blink rPois}
   (You found it on level 4 of the Dungeon)

   A truly terrible weapon, it drains the life of those it strikes.
   It protects you from poison.
   It lets you blink.
   It causes draining when unequipped.
 I - a +2 falchion of holy wrath
 V - a +0 hunting sling
Missiles
 h - 190 sling bullets
 m - 117 bolts
 q - 5 tomahawks of returning
 z - 146 arrows
 B - 3 tomahawks (quivered)
 D - 4 exploding tomahawks
 M - 4 throwing nets
 Q - 2 silver javelins
Armour
 g - a +0 pair of boots (melded)
 v - a +0 shield
 H - a +0 buckler (worn)
 N - a +2 pair of gloves of dexterity (melded)
 O - a +2 hat of see invisible (melded)
 T - a scarf of spirit shield (melded)
Jewellery
 c - an uncursed ring of protection from magic
 i - an uncursed ring of positive energy
 x - a +3 ring of protection (right branch)
 J - a ring of magical power (left branch)
 Z - an uncursed ring of resist corrosion
Wands
 e - a wand of paralysis (15/24)
 f - a wand of iceblast (7/15)
 l - a wand of digging (12/24)
 F - a wand of lightning (6/15)
Scrolls
 o - a scroll of amnesia
 s - 4 scrolls of blinking
 t - 2 scrolls of fog
 u - 4 scrolls of enchant weapon
 w - 3 scrolls of magic mapping
 y - a scroll of remove curse
 S - 5 scrolls of teleportation
Potions
 d - a potion of mutation
 j - 2 potions of haste
 k - 4 potions of cancellation
 p - 2 potions of might
 r - 4 potions of lignification
 A - a potion of resistance
 G - 3 potions of brilliance
 R - 3 potions of agility
Books
 K - the Incunabulum of Context
   (You acquired it on level 5 of the Dungeon)

   Spells                             Type                      Level
   a - Throw Frost                    Conjuration/Ice              2
   b - Throw Flame                    Conjuration/Fire             2
   c - Fulminant Prism                Conjuration/Hexes            4
   d - Iskenderun's Battlesphere      Conjuration/Charms           5
   e - Venom Bolt                     Conjuration/Poison           5
   f - Bolt of Fire                   Conjuration/Fire             6
 L - a book of Power

   Spells                             Type                      Level
   a - Iskenderun's Battlesphere      Conjuration/Charms           5
   b - Venom Bolt                     Conjuration/Poison           5
   c - Bolt of Magma                  Conjuration/Fire/Earth       5
   d - Iron Shot                      Conjuration/Earth            6
   e - Orb of Destruction             Conjuration                  7
   f - Spellforged Servitor           Conjuration/Summoning        7
 U - a book of Changes

   Spells                             Type                      Level
   a - Beastly Appendage              Transmutation                1
   b - Sticks to Snakes               Transmutation                2
   c - Spider Form                    Transmutation/Poison         3
   d - Ice Form                       Ice/Transmutation            4
   e - Blade Hands                    Transmutation                5
 Y - a book of Necromancy

   Spells                             Type                      Level
   a - Pain                           Necromancy                   1
   b - Animate Skeleton               Necromancy                   1
   c - Vampiric Draining              Necromancy                   3
   d - Regeneration                   Charms/Necromancy            3
   e - Animate Dead                   Necromancy                   4
   f - Control Undead                 Necromancy                   4
Comestibles
 b - 8 bread rations
 E - 9 meat rations
 W - 4 chunks of flesh
 X - 14 fruits


   Skills:
 * Level 7.4(12.4) Fighting
 * Level 8.1(13.1) Short Blades
   Level 0.6(9.3) Axes
   Level 6.9(11.9) Maces & Flails
 - Level 1.4(6.4) Throwing
 + Level 6.6(11.6) Dodging
 + Level 4.4(9.4) Stealth
 * Level 6.9(11.9) Shields
 * Level 9.5 Spellcasting
 - Level 7.4 Conjurations
 * Level 1.9 Charms
 * Level 0.8 Necromancy
 - Level 4.6 Ice Magic
 * Level 9.5 Air Magic
 * Level 4.0 Invocations
 + Level 0.6 Evocations


You had 9 spell levels left.
You knew the following spells:

 Your Spells              Type           Power        Failure   Level  Hunger
a - Shock                 Conj/Air       ####         1%          1    None
b - Swiftness             Chrm/Air       #####...     2%          2    None
c - Static Discharge      Conj/Air       #####...     1%          3    None
d - Lightning Bolt        Conj/Air       #####.....   12%         5    #####..
e - Throw Frost           Conj/Ice       #####.       2%          2    None
f - Sticks to Snakes      Tmut           ##......     21%         2    None
g - Airstrike             Air            ######....   3%          4    ###....
h - Regeneration          Chrm/Necr      ###.......   22%         3    None


Dungeon Overview and Level Annotations

Branches:
Dungeon (11/15)            Temple (1/1) D:5            Lair (6/6) D:8
  Swamp (0/4) Lair:2       Spider (1/4) Lair:2        Slime (0/5) Lair:6
    Orc: D:9-12

Altars:
Ashenzari
Cheibriados
Dithmenos
Elyvilon
Fedhas
Gozag
Hepliaklqana
Kikubaaqudgha
Makhleb
Nemelex Xobeh
Okawaru
Qazlal
Ru
Sif Muna
Trog
Uskayaw
Vehumet
Xom
Yredelemnul
Zin
The Shining One

Annotations:
D:11 Fandomethor's ghost, journeyman MiBe


Innate Abilities, Weirdness & Mutations

((You can breathe blasts of noxious fumes.))
((Your lurid green scales are hard. (AC +8)))
You cannot fit into any form of body armour.
((Your system is resistant to poisons. (rPois)))
((You are cold-blooded and may be slowed by cold attacks.))
((Your flesh is heat resistant. (rF+)))
Your spells are a little harder to cast, but a little more powerful.


Message History

You block the wolf spider's attack. The tarantella bites you.
* * * LOW HITPOINT WARNING * * *
You hit the wolf spider.
The wolf spider is severely wounded.
You hit the wolf spider.
The wolf spider is severely wounded.
The wolf spider hits you but does no damage.
The wolf spider bites you.
* * * LOW HITPOINT WARNING * * *
The tarantella bites you but does no damage.
You hit the wolf spider. You drain the wolf spider!
The wolf spider is almost dead.
You hit the wolf spider. You drain the wolf spider!
You kill the wolf spider!
Okawaru accepts your kill. The tarantella bites you.
* * * LOW HITPOINT WARNING * * *
You gain the combat prowess of a mighty hero.
The tarantella bites you.
You die...

..## ### ##.P.# #.##
..######.###....## #..#
..##..#..........####.##
........#..........#..# ###
.......P..##..P###..#.# #.#
....#......#.###.#.##.#########.#
...##..##.####.†.#..#............
..###..##..##..s†#.##..##......##
...#....P.##.^.†♣#..#..P##...P.##
..........#.^^^.##.....#####..##
.P.P#....##^^.^##....#.# #..#
.#.###...#.^.^.###.##..## #.##
#### #####..^###...###.......# ##
####^.^##.....# #..#.##### .#
###.....###..#.####.#..#..§###
####.#.....# ###### P.##...#§§§#
.#.........# #########.......§§.#


You could see a tarantella.

Vanquished Creatures
  3 hydras
  Harold (Lair:3)
  7 two-headed ogres
  A death yak (Lair:6)
  Pikel (D:9)
  An orb spider (Spider:1)
  2 wolf spiders (Lair:2)
  4 elephants (Lair:4)
  5 black mambas
  Psyche (D:9)
  6 spiny frogs
  A rime drake (Lair:4)
  10 komodo dragons
  3 jumping spiders (Lair:2)
  A troll (D:11)
  Prince Ribbit (D:5)
  8 blink frogs
  Grinder (D:4)
  9 hippogriffs
  The ghost of Phantomfrettchen the Insei, an amateur OpTm (D:4)
  2 redbacks (Lair:2)
  2 wyverns
  2 tarantellas
  Sigmund (D:5)
  23 yaks
  2 basilisks (Lair:4)
  2 soldier ants
  8 water moccasins
  13 porcupines
  An ice beast (D:9)
  A slave (D:9)
  6 sky beasts
  5 black bears
  4 orc warriors
  3 phantoms
  3 necrophages (D:8)
  2 eyes of draining
  8 wolves
  5 ogres
  6 centaurs
  11 crocodiles
  The ghost of Phantomfrettchen the Insei, an amateur OpTm (D:3)
  8 bullfrogs
  Blork the orc (D:4)
  2 scorpions
  11 killer bees
  4 crimson imps
  2 quasits
  2 bullfrog zombies
  4 jellies
  5 orc priests
  7 orc wizards
  3 centaur skeletons
  3 hounds
  A bullfrog skeleton (D:9)
  Jessica (D:2)
  2 iguanas
  Terence (D:2)
  9 worker ants
  2 killer bee zombies
  2 hound zombies
  A worker ant zombie (D:9)
  4 gnolls
  6 adders
  A shadow imp (D:10)
  4 oozes
  4 adder zombies
  2 adder skeletons
  2 worms (D:2)
  2 dart slugs
  5 leopard geckos
  38 orcs
  5 giant cockroaches
  4 hobgoblins
  7 jackals
  5 kobolds
  4 quokkas
  3 ball pythons
  10 bats
  17 frilled lizards
  A giant cockroach zombie (D:5)
  15 goblins
  A quokka zombie (D:5)
  9 rats
  4 plants
402 creatures vanquished.

Vanquished Creatures (collateral kills)
  A killer bee (D:10)
1 creature vanquished.

Vanquished Creatures (others)
  An elephant (Lair:6)
  2 sky beasts (D:9)
  A slave (D:9)
  A human (D:4)
  A centaur (D:9)
  A bullfrog (D:9)
  A crocodile (D:9)
  A big kobold (D:9)
  A killer bee (D:10)
  A howler monkey (D:9)
  An orc wizard (D:9)
  An adder (D:9)
  A shadow imp (D:9)
  4 orcs (D:9)
  A kobold (D:9)
  3 bushes
  24 fungi
  25 plants
71 creatures vanquished.

Grand Total: 474 creatures vanquished

Notes
Turn   | Place    | Note
-------+----------+-------------------------------------------
     0 | D:1      | Internecine the Draconian Air Elementalist began the quest for the Orb.
     0 | D:1      | Reached XP level 1. HP: 14/14 MP: 3/3
   288 | D:1      | Reached XP level 2. HP: 20/20 MP: 1/5
   620 | D:1      | Reached XP level 3. HP: 24/26 MP: 0/6
   829 | D:1      | Learned a level 2 spell: Swiftness
  1059 | D:2      | Noticed Jessica
  1063 | D:2      | Killed Jessica
  1063 | D:2      | Reached skill level 1 in Short Blades
  1063 | D:2      | Reached XP level 4. HP: 33/33 MP: 3/7
  1071 | D:2      | Found a glowing golden altar of the Shining One.
  1085 | D:2      | Became a worshipper of the Shining One
  1145 | D:2      | Learned a level 3 spell: Static Discharge
  1154 | D:2      | Found a radiant altar of Vehumet.
  1224 | D:2      | Noticed Terence
  1268 | D:2      | Killed Terence
  2195 | D:3      | Noticed Phantomfrettchen's ghost (amateur OpTm)
  2214 | D:3      | Killed Phantomfrettchen's ghost
  2214 | D:3      | Reached XP level 5. HP: 6/39 MP: 2/9
  2502 | D:3      | Reached skill level 1 in Fighting
  2975 | D:3      | Noticed an ogre
  2977 | D:3      | Reached skill level 1 in Throwing
  2984 | D:3      | Killed an ogre
  2984 | D:3      | Reached XP level 6. HP: 45/47 MP: 1/10
  3204 | D:3      | Reached skill level 1 in Maces & Flails
  3517 | D:4      | Found an opulent altar of Gozag.
  3659 | D:4      | Noticed Phantomfrettchen's ghost (amateur OpTm)
  3674 | D:4      | Killed Phantomfrettchen's ghost
  3674 | D:4      | Your scales start taking on a lurid green colour.
  3674 | D:4      | Reached XP level 7. HP: 37/53 MP: 6/11
  3674 | D:4      | Gained mutation: Your system is resistant to poisons. (rPois) [Green Draconian growth]
  3725 | D:4      | Reached * piety under the Shining One
  3828 | D:4      | Noticed Blork the orc
  3862 | D:4      | Killed Blork the orc
  4020 | D:4      | Got a fine dagger
  4021 | D:4      | Identified the +6 dagger of the Past {drain, *Drain +Blink rPois} (You found it on level 4 of the Dungeon)
  4106 | D:4      | Reached skill level 1 in Shields
  4178 | D:4      | Learned a level 5 spell: Lightning Bolt
  4387 | D:4      | Found an ancient bone altar of Kikubaaqudgha.
  4388 | D:4      | Noticed a human
  4390 | D:4      | Killed a human
  4413 | D:4      | Noticed Grinder
  4434 | D:4      | Killed Grinder
  4434 | D:4      | Reached XP level 8. HP: 36/61 MP: 5/13
  4735 | D:5      | Entered Level 5 of the Dungeon
  4916 | D:5      | Found a stormy altar of Qazlal.
  4916 | D:5      | Found a shattered altar of Ashenzari.
  4977 | D:5      | Found a staircase to the Ecumenical Temple.
  5112 | Temple   | Entered the Ecumenical Temple
  5332 | D:5      | Noticed Prince Ribbit
  5504 | D:5      | Killed Prince Ribbit
  5710 | D:5      | Reached skill level 5 in Air Magic
  5721 | D:5      | Gained mutation: You are somewhat resistant to further mutation. [mutagenic meat]
  5769 | D:5      | Identified 3 scrolls of acquirement
  5784 | D:5      | Identified the Incunabulum of Context (You acquired it on level 5 of the Dungeon)
  5791 | D:5      | Learned a level 2 spell: Throw Frost
  6009 | D:5      | Noticed Sigmund
  6032 | D:5      | Killed Sigmund
  6481 | D:6      | Reached XP level 9. HP: 60/69 MP: 3/16
  6600 | D:6      | Reached ** piety under the Shining One
  6959 | D:6      | Reached skill level 5 in Maces & Flails
  7006 | D:6      | Reached skill level 5 in Spellcasting
  7660 | D:7      | Found a blossoming altar of Fedhas.
  8121 | D:7      | Gained mutation: You have large cloven feet. [mutagenic meat]
  8165 | D:7      | Found a burning altar of Makhleb.
  8425 | D:7      | Found an iron altar of Okawaru.
  8577 | D:7      | Fell from the grace of the Shining One
  8577 | D:7      | Became a worshipper of Warmaster Okawaru
  8746 | D:8      | Noticed a two-headed ogre
  8761 | D:8      | Killed a two-headed ogre
  8761 | D:8      | Reached * piety under Okawaru
  8761 | D:8      | Reached XP level 10. HP: 52/80 MP: 9/18
  8924 | D:8      | Reached ** piety under Okawaru
  8924 | D:8      | Reached skill level 1 in Ice Magic
  8932 | D:8      | Noticed a two-headed ogre
  8942 | D:8      | Reached skill level 5 in Conjurations
  8948 | D:8      | Killed a two-headed ogre
  8999 | D:8      | Reached skill level 5 in Fighting
  9346 | D:8      | Learned a level 2 spell: Sticks to Snakes
  9351 | D:8      | Learned a level 4 spell: Airstrike
  9403 | D:8      | Noticed a two-headed ogre
  9445 | D:8      | Killed a two-headed ogre
  9445 | D:8      | Reached *** piety under Okawaru
  9445 | D:8      | Reached skill level 5 in Dodging
  9509 | D:8      | Gained mutation: You are weak. (Str -2) [mutagenic meat]
  9511 | D:8      | Gained mutation: You have a pair of small horns on your head. [mutagenic meat]
  9675 | D:8      | Found a blossoming altar of Fedhas.
  9734 | D:8      | Found a staircase to the Lair.
  9944 | D:9      | Noticed Psyche
  9951 | D:9      | Cast into level 1 of the Abyss (Psyche)
  9984 | D:9      | Escaped the Abyss
  9992 | D:9      | Killed Psyche
 10070 | D:9      | Found a runed door.
 10110 | D:9      | Reached **** piety under Okawaru
 10117 | D:9      | Reached XP level 11. HP: 61/86 MP: 0/21
 10222 | D:9      | Lost mutation: You have large cloven feet. [potion of mutation]
 10222 | D:9      | Gained mutation: You are frail. (-10% HP) [potion of mutation]
 10223 | D:9      | Lost mutation: You are frail. (-10% HP) [potion of mutation]
 10223 | D:9      | Lost mutation: You are weak. (Str -2) [potion of mutation]
 10223 | D:9      | Lost mutation: You have a pair of small horns on your head. [potion of mutation]
 10223 | D:9      | Gained mutation: You do not regenerate when monsters are visible. [potion of mutation]
 10223 | D:9      | Gained mutation: You passively map a small area around you. [potion of mutation]
 10224 | D:9      | Lost mutation: You are somewhat resistant to further mutation. [potion of mutation]
 10224 | D:9      | Lost mutation: You passively map a small area around you. [potion of mutation]
 10224 | D:9      | Lost mutation: You do not regenerate when monsters are visible. [potion of mutation]
 10224 | D:9      | Gained mutation: Your spells are a little harder to cast, but a little more powerful. [potion of mutation]
 10224 | D:9      | Gained mutation: Your flesh is heat resistant. (rF+) [potion of mutation]
 10253 | D:9      | Noticed a two-headed ogre
 10266 | D:9      | Killed a two-headed ogre
 10266 | D:9      | Reached skill level 5 in Short Blades
 10356 | D:9      | Noticed Pikel
 10366 | D:9      | Killed Pikel
 10386 | D:9      | Found a sparkling altar of Nemelex Xobeh.
 11422 | D:9      | Noticed a two-headed ogre
 11437 | D:9      | Killed a two-headed ogre
 11533 | D:9      | Noticed a two-headed ogre
 11545 | D:9      | Killed a two-headed ogre
 11630 | D:10     | Entered Level 10 of the Dungeon
 11654 | D:10     | Learned a level 3 spell: Regeneration
 11704 | D:10     | Reached ***** piety under Okawaru
 12022 | D:10     | You fall through a shaft!
 12034 | D:11     | Reached skill level 5 in Shields
 12094 | D:11     | Noticed a two-headed ogre
 12113 | D:11     | Killed a two-headed ogre
 12126 | D:11     | Noticed Fandomethor's ghost (journeyman MiBe)
 12131 | D:11     | Noticed a brown ugly thing
 12713 | Lair:1   | Entered Level 1 of the Lair of Beasts
 13238 | Lair:1   | Received a gift from Okawaru
 13358 | Lair:1   | Reached XP level 12. HP: 94/94 MP: 23/23
 14130 | Lair:2   | Reached skill level 1 in Invocations
 14403 | Lair:2   | Found a staircase to the Swamp.
 14863 | Lair:2   | Found a hole to the Spider Nest.
 15572 | Lair:3   | Noticed Harold
 15603 | Lair:3   | Killed Harold
 15884 | Lair:3   | Noticed a seven-headed hydra
 15901 | Lair:3   | Killed a seven-headed hydra
 15901 | Lair:3   | Received a gift from Okawaru
 16146 | Lair:3   | Noticed a six-headed hydra
 16163 | Lair:3   | Killed a six-headed hydra
 16356 | Lair:4   | Received a gift from Okawaru
 16693 | Lair:4   | Reached XP level 13. HP: 88/103 MP: 20/26
 17086 | Lair:4   | Reached skill level 1 in Charms
 18632 | Lair:6   | Entered Level 6 of the Lair of Beasts
 18649 | Lair:6   | Found a staircase to the Slime Pits.
 18860 | Lair:4   | Received a gift from Okawaru
 19213 | Spider:1 | Entered Level 1 of the Spider Nest
 19554 | Lair:2   | HP: 7/157 [wolf spider (3)]
 19572 | Lair:2   | HP: 4/157 [tarantella (6)]
 19577 | Lair:2   | Slain by a tarantella

Skill      XL: |  1  2  3  4  5  6  7  8  9 10 11 12 13 |
---------------+----------------------------------------+-----
Stealth        | 2 3 4 |  4.4
Dodging        | 2 3 4 5 6 |  6.6
Short Blades   | 1 2 4 6 7 8 |  8.1
Fighting       | 1 2 3 4 5 6 7 |  7.4
Throwing       | 1 |  1.4
Conjurations   | 2 3 4 6 7 |  7.4
Air Magic      | 4 5 6 7 8 9 |  9.5
Maces & Flails | 2 3 4 6 |  6.9
Spellcasting   | 3 4 5 6 7 9 |  9.5
Shields        | 1 2 4 5 6 |  6.9
Ice Magic      | 3 4 |  4.6
Invocations    | 3 4 |  4.0
Charms         | 1 |  1.9
Axes           | |  0.6
Necromancy     | |  0.8
Evocations     | |  0.6

Action                   |  1- 3 |  4- 6 |  7- 9 | 10-12 | 13-15 || total
-------------------------+-------+-------+-------+-------+-------++-------
Melee: Hand axe          |    34 |       |       |       |       ||    34
       Tailslap          |    16 |    18 |    32 |   127 |    81 ||   274
       Dagger            |   150 |    76 |    14 |   782 |   358 ||  1380
       Rapier            |       |    14 |       |       |       ||    14
       Mace              |       |    35 |   245 |       |       ||   280
       Short sword       |       |       |    21 |       |       ||    21
       Headbutt          |       |       |       |    13 |       ||    13
Throw: Stone             |    10 |     6 |     7 |     4 |       ||    27
       Tomahawk          |     2 |       |       |     5 |       ||     7
 Cast: Shock             |    38 |    54 |   162 |   384 |   119 ||   757
       Swiftness         |       |       |     1 |       |       ||     1
       Throw Frost       |       |       |    15 |     8 |       ||    23
       Airstrike         |       |       |       |     3 |       ||     3
       Lightning Bolt    |       |       |       |    11 |    12 ||    23
       Regeneration      |       |       |       |     3 |     2 ||     5
Invok: Heroism           |       |       |       |    10 |     5 ||    15
       Finesse           |       |       |       |     4 |     3 ||     7
 Abil: Breathe Noxious F |       |       |     1 |     6 |     2 ||     9
       Evoke Blink       |       |       |     1 |     2 |       ||     3
  Use: Scroll            |       |       |    13 |    14 |     3 ||    30
       Potion            |       |       |     3 |     8 |     8 ||    19
 Stab: Confused          |       |       |       |     4 |     1 ||     5
  Eat: Chunk             |     1 |     5 |     4 |    27 |     7 ||    44
       Meat ration       |       |     1 |     2 |       |       ||     3
       Fruit             |       |     1 |       |     7 |       ||     8
       Bread ration      |       |       |     1 |       |       ||     1
       Royal jelly       |       |       |       |     1 |     3 ||     4
Armor: Skin              |    25 |    27 |    67 |   208 |   123 ||   450
Dodge: Dodged            |    65 |    49 |   180 |   445 |   181 ||   920
Block: Shield            |       |    19 |       |       |       ||    19
       Buckler           |       |     9 |    35 |   180 |    81 ||   305
